 Dungeon Crawl Stone Soup version 0.32-a0-876-gcfddb08e57 (webtiles) character file.

Game seed: 2947566259909647304

119 Griffin23 the Covered (level 4, -1/41 HPs)
             Began as a Minotaur Fighter on Apr 1, 2024.
             Slain by a gnoll
             ... wielding a +0 whip
              (4 damage)
             ... on level 2 of the Dungeon.
             The game lasted 00:01:28 (920 turns).

Griffin23 the Covered (Minotaur Fighter)             Turns: 920, Time: 00:01:28

Health: -1/41      AC:  9    Str: 23    XL:     4   Next: 74%
Magic:  3/3        EV:  7    Int:  5    God:
Gold:   62         SH:  4    Dex:  9    Spells: 3/3 levels left

rFire   . . .        a - +0 long sword
rCold   . . .        c - +0 buckler
rNeg    . . .        g - +0 chain mail
rPois   .            (helmet restricted)
rElec   .            (no cloak)
rCorr   .            (no gloves)
SInv    .            (no boots)
Will    .....        (no amulet) Stlth
                     (no ring)
HPRegen 0.26/turn    (no ring)
MPRegen 0.08/turn

%: no passive effects
@: mighty, brilliant
A: horns 2, retaliatory headbutt
a: no special abilities


You were on level 2 of the Dungeon.
You visited 1 branch of the dungeon, and saw 2 of its levels.

You collected 62 gold pieces.

Inventory:

Hand Weapons
 a - a +0 long sword (weapon)
Missiles
 h - 3 boomerangs (quivered)
Armour
 b - a +0 scale mail
 c - a +0 buckler (worn)
 g - a +0 chain mail (worn)
Jewellery
 o - an amulet of magic regeneration
Scrolls
 e - 2 scrolls of teleportation {unknown}
 f - a scroll of vulnerability {unknown}
 i - 2 scrolls of fog {unknown}
 l - 2 scrolls of identify {unknown}
 m - a scroll of immolation {unknown}
 n - a scroll of noise {unknown}
Potions
 p - a potion of heal wounds {unknown}


   Skills:
 + Level 4.4 Fighting
 * Level 4.0 Long Blades
 + Level 4.4 Armour
 + Level 4.4 Shields


You had 3 spell levels left.
You didn't know any spells.
Your spell library contained the following spells:

 Spells                   Type           Power      Damage    Failure   Level
 Freeze                   Ice            0%         1d3       98%         1
 Frozen Ramparts          Ice            0%         1d1       100%        3
 Hailstorm                Conj/Ice       0%         3d5       100%        3


Dungeon Overview and Level Annotations

Branches:
Dungeon (2/15)

Altars:


Innate Abilities, Weirdness & Mutations

You have a pair of horns on your head.
You reflexively headbutt those who attack you in melee.


Message History

The gnoll hits you but does no damage.
The gnoll hits you with a +1 flail of protection.
The gnoll closely misses you.
You closely miss the gnoll.
The gnoll is heavily wounded.
You block the gnoll's attack.
The gnoll hits you with a +1 flail of protection.
The gnoll closely misses you.
You hit the gnoll but do no damage.
The gnoll is heavily wounded.
The gnoll hits you with a +0 flail.
The gnoll hits you with a +1 flail of protection.
The gnoll hits you but does no damage.
You hit the gnoll. Your headbutt misses the gnoll.
The gnoll is heavily wounded.
The gnoll hits you with a +0 flail. You block the gnoll's attack.
The gnoll hits you with a +1 spear of venom.
You are poisoned.
The gnoll closely misses you. x2; The gnoll hits you but does no damage.
You are too injured to fight recklessly!
You are too injured to fight recklessly!
You feel very sick. The gnoll attacks as it pursues you!
The gnoll hits you with a +1 flail of protection!
* * * LOW HITPOINT WARNING * * *
Unknown command.
It was a potion of brilliance.
You feel clever all of a sudden.
* * * LOW HITPOINT WARNING * * *
You feel very sick.
It was a potion of curing.
You feel better. The gnoll barely misses you.
You feel very mighty all of a sudden. The gnoll hits you with a +0 whip.
* * * LOW HITPOINT WARNING * * *
The gnoll hits you with a +1 flail of protection.
* * * LOW HITPOINT WARNING * * *
You slash the gnoll! Your headbutt misses the gnoll.
The gnoll is heavily wounded.
The gnoll hits you with a +0 whip.
You die...

#..##
#######..#####.....#.
...>#########.........#
########
##...............#######
###.########.###.#:....
..........<..# #.#....
###.########## #.#...# #
#.## #.#...# # #..##
#.#..ß# ####).# #@#...#
.# ##.## #ggg..# .#
#..#### #.#.....ß. .##
##....# ####ß......
..#######.#
###..######## #...#
#.###...## ###.#
#.##..### #.#####....##
#....#.).###


You could see 3 gnolls.

Vanquished Creatures
  Terence (D:2)
  Natasha (D:2)
  4 adders (D:2)
  A dart slug (D:1)
  5 endoplasms
  A giant cockroach (D:1)
  5 hobgoblins
  A kobold (D:2)
  2 quokkas
  A ball python (D:2)
  4 bats (D:1)
  3 frilled lizards
  3 goblins
  A rat (D:2)
33 creatures vanquished.

Notes
Turn   | Place    | Note
-------+----------+-------------------------------------------
     0 | D:1      | Griffin23 the Minotaur Fighter began the quest for the Orb.
     0 | D:1      | Reached XP level 1. HP: 19/19 MP: 0/0
   110 | D:1      | Reached XP level 2. HP: 17/27 MP: 1/1
   405 | D:1      | Found a faded altar of an unknown god.
   553 | D:2      | Reached XP level 3. HP: 33/33 MP: 2/2
   647 | D:2      | Noticed Terence
   655 | D:2      | Killed Terence
   795 | D:2      | Reached XP level 4. HP: 24/40 MP: 3/3
   868 | D:2      | Noticed Natasha
   879 | D:2      | Killed Natasha
   917 | D:2      | HP: 1/41 [poisoned by a gnoll]
   920 | D:2      | Slain by a gnoll

Illustrated notes

Levels and vault maps discovered:
D:1:      wander_arrival_peaceful_grave, layout_rooms,
          hellmonk_ecumenical_altar_prayer_group
D:2:      layout_rooms, nicolae_nh_oracle_at_delphi, uniq_terence, uniq_natasha

Skill      XL: |  1  2  3  4 |
---------------+-------------+-----
Fighting       | 4 |  4.4
Long Blades    | 3 4 |  4.0
Shields        | 4 |  4.4
Armour         | 4 |  4.4

Action                     |  1- 3 |  4- 6 || total
---------------------------+-------+-------++-------
  Melee: Long sword        |    82 |    11 ||    93
         Headbutt          |    17 |     1 ||    18
    Use: Potion            |       |     3 ||     3
 Armour: Scale mail        |    29 |       ||    29
         Chain mail        |    46 |    18 ||    64
  Dodge: Dodged            |    33 |    11 ||    44
  Block: Buckler           |    14 |     3 ||    17

Table legend: (Time is in decaauts)
 A = Elapsed time spent in this place.
 B = Non-inter-level travel time spent in this place.
 C = Inter-level travel time spent in this place.
 D = Time resting spent in this place.
 E = Time spent auto-exploring this place.
 F = Levels seen in this place.
 G = Mean time per level.
                   A        B        C        D        E       F      G
               +--------+--------+--------+--------+--------+-----+--------+
         Total |    945 |    915 |     30 |      0 |    670 |   2 |  472.5 |
       Dungeon |    945 |    915 |     30 |      0 |    670 |   2 |  472.5 |
               +--------+--------+--------+--------+--------+-----+--------+

Top non-repeatable levels by time:
     D:2: 485 daAuts
     D:1: 459 daAuts
